Map: Ever Dream LE

Players

Has - Winner!

  • Race: Protoss Protoss
  • Spawn Location: 7:00

黑羽快斗 (ButAlways)

  • Race: Protoss Protoss
  • League: Master
  • Spawn Location: 1:00

Event: DreamHack SC2 Masters 2020 Fall

VOD

Have the link to the VOD?

Description

Time

  • Played on: Aug. 29, 2020, 8:21 a.m.
  • Length: 8:07

All games in this series

Show
View Real Time Build Order
Export as new Build Order

Has Protoss - Winner!

Build Orders: Nexus First 

Get SALT Encoding   

  12  0:00  Probe  
  13  0:12  Probe  
  14  0:18  Pylon  
  14  0:24  Probe (Chrono Boost)  
  15  0:38  Probe (Chrono Boost)  
  16  0:42  Probe (Chrono Boost)  
  17  0:57  Nexus  
  17  1:07  Gateway  
  17  1:09  Probe  
  18  1:15  Assimilator  
  18  1:21  Probe  
  18  1:24  Assimilator  
  19  1:34  Gateway  
  19  1:36  Probe  
  20  1:48  Probe  
  21  1:55  Cybernetics Core  
  21  2:00  Probe  
  22  2:01  Pylon  
  22  2:10  Probe  
  22  2:13  Probe  
  24  2:22  Warp Gate (Chrono Boost), Probe  
  25  2:26  Probe  
  26  2:32  Stalker x2 (Chrono Boost)  
  30  2:38  Probe  
  30  2:39  Probe  
  32  2:49  Shield Battery  
  32  2:54  Stalker  
  32  2:57  Stalker  
  36  3:05  Gateway  
  36  3:16  Shield Battery  
  36  3:20  Pylon  
  38  3:27  Stalker (Chrono Boost)  
  38  3:28  Stalker (Chrono Boost)  
  38  3:29  Probe  
  38  3:31  Probe  
  42  3:46  Stargate  
  42  3:51  Shield Battery  
  42  3:54  Shield Battery  
  42  3:55  Shield Battery  
  42  4:05  Stalker  
  42  4:06  Stalker  
  43  4:17  Stalker  
  44  4:31  Phoenix (Chrono Boost)  
  44  4:32  Pylon  
  44  4:34  Zealot x2  
  50  4:40  Pylon  
  50  4:42  Zealot  
  52  4:47  Phoenix (Chrono Boost)  
  54  4:59  Zealot x2  
  58  5:01  Gateway  
  58  5:02  Stalker  
  60  5:12  Phoenix  
  62  5:24  Zealot x2  
  66  5:29  Pylon  
  66  5:31  Pylon  
  66  5:37  Robotics Facility  
  66  5:43  Stalker  
  66  5:45  Zealot  
  70  5:56  Zealot x2  
  72  6:02  Probe x2  
  50  6:12  Zealot x2, Phoenix (Chrono Boost)  
  50  6:14  Probe  
  55  6:24  Immortal (Chrono Boost)  
  47  6:27  Zealot  
  47  6:30  Zealot  
  51  6:34  Zealot  
  53  6:46  Phoenix  
  55  6:47  Zealot  
  57  6:54  Immortal (Chrono Boost)  
  57  6:58  Zealot  
  63  7:08  Shield Battery  
  63  7:11  Zealot x2  
  67  7:16  Zealot  
  67  7:21  Pylon  
  69  7:27  Zealot  
  57  7:40  Zealot x2  
  57  7:47  Probe  
  54  7:53  Stalker  
  54  7:54  Stalker  
Show
View Real Time Build Order
Export as new Build Order

黑羽快斗 Protoss 

Build Orders:  

Get SALT Encoding   

  12  0:02  Probe  
  13  0:14  Probe  
  13  0:18  Pylon  
  14  0:26  Probe (Chrono Boost)  
  15  0:37  Gateway  
  15  0:38  Probe (Chrono Boost)  
  16  0:47  Assimilator, Probe (Chrono Boost)  
  17  0:52  Probe (Chrono Boost)  
  17  0:56  Assimilator  
  18  1:04  Probe (Chrono Boost)  
  19  1:12  Gateway  
  19  1:13  Probe (Chrono Boost)  
  20  1:19  Probe  
  20  1:25  Cybernetics Core  
  21  1:31  Probe  
  22  1:34  Pylon  
  22  1:43  Probe  
  23  2:01  Robotics Facility  
  23  2:02  Stalker  
  23  2:04  Stalker  
  27  2:10  Warp Gate  
  27  2:15  Pylon  
  27  2:33  Stalker  
  27  2:34  Stalker  
  31  2:45  Immortal (Chrono Boost)  
  35  3:01  Pylon  
  34  3:06  Sentry  
  36  3:14  Warp Prism (Chrono Boost)  
  38  3:23  Gateway  
  38  3:43  Immortal (Chrono Boost)  
  38  3:48  Pylon  
  42  3:58  Sentry  
  44  4:04  Stalker  
  44  4:20  Immortal (Chrono Boost)  
  48  4:29  Pylon  
  48  4:31  Sentry  
  48  4:32  Zealot  
  52  4:43  Stalker  
  52  4:53  Immortal  
  56  5:04  Adept x2  
  60  5:11  Pylon  
  60  5:32  Stalker x3  
  60  5:57  Adept x3  
  56  6:08  Warp Prism (Chrono Boost)  
  46  6:30  Sentry, Stalker x2  
  53  6:42  Immortal (Chrono Boost)  
  56  6:56  Zealot, Sentry  
  60  7:01  Adept  
  62  7:18  Adept  
  62  7:21  Adept x2  

Tags
 
Add a new tag
Caveats
  • Supply blocks, unpowered buildings, or Contaminate may cause inaccurate times.
  • Supply counts are checked every 10 seconds.